 Dungeon Crawl Stone Soup version 0.29-a0-870-g2c972031a6 (webtiles) character file.

Game seed: 10321705361637799089

21925 Pooter the Fighter (level 12, -5/172 HPs)
             Began as a Minotaur Berserker on July 17, 2022.
             Was a Believer of Trog.
             Slain by a sun demon (18 damage)
             ... summoned by an orc sorcerer
             ... on level 2 of the Orcish Mines.
             The game lasted 01:25:11 (14368 turns).

Pooter the Fighter (Minotaur Berserker)            Turns: 14368, Time: 01:25:12

Health: -5/172     AC: 17    Str: 30    XL:     12   Next: 58%
Magic:  11/11      EV:  7    Int:  6    God:    Trog [**....]
Gold:   1321       SH:  6    Dex: 11    Spells: 11/11 levels left

rFire   . . .      SeeInvis +   a - +5 war axe (vamp)
rCold   + . .      Faith    .   r - +0 kite shield {reflect}
rNeg    . . .      Spirit   .   K - +3 chain mail {rC+}
rPois   .          Reflect  +   (helmet restricted)
rElec   .          Harm     .   y - scarf {repulsion}
rCorr   .          Rampage  .   A - +2 pair of gloves
Will    .....                   s - +0 pair of boots
Stlth   ..........              w - amulet of the acrobat
HPRegen 0.38/turn               S - ring of see invisible
MPRegen 0.12/turn               B - +6 ring of strength

@: berserking, repel missiles, very quick
A: horns 2, retaliatory headbutt
a: Renounce Religion, Berserk, Trog's Hand


You were on level 2 of the Orcish Mines.
You worshipped Trog.
Trog was pleased with you.
You visited 2 branches of the dungeon, and saw 12 of its levels.
You also visited: Ossuary and Bailey.

You collected 1321 gold pieces.

Inventory:

Hand Weapons
 a - a +5 vampiric war axe (weapon)
   (You took it off an orc on level 3 of the Dungeon)
 b - the +7 sling "Ceukhleep" {vorpal, Str+2}
   (You found it on level 8 of the Dungeon)

   Any ammunition fired from it inflicts extra damage upon your enemies.
   Str:       It affects your strength (+2).
 k - a +0 broad axe
   (You took it off a vault guard in a bailey)
 M - a +4 trident
   (You took it off an orc warrior on level 7 of the Dungeon)
 N - a +0 shortbow
   (You took it off a centaur on level 6 of the Dungeon)
Missiles
 c - 13 boomerangs (quivered)
 i - 4 javelins
 O - 12 poisoned darts
 Q - 70 stones
Armour
 o - a +1 plate armour
   (You found it on level 2 of the Dungeon)
 r - a +0 kite shield of reflection (worn)
   (You took it off Donald on level 1 of the Orcish Mines)
 s - a +0 pair of boots (worn)
   (You found it on level 7 of the Dungeon)
 y - a scarf of repulsion (worn)
   (You found it on level 4 of the Dungeon)
 A - a +2 pair of gloves (worn)
   (You found it on level 6 of the Dungeon)
 K - a +3 chain mail of cold resistance (worn)
   (You took it off Donald on level 1 of the Orcish Mines)
Jewellery
 p - a +4 ring of evasion
   (You found it on level 3 of the Dungeon)
 w - an amulet of the acrobat (around neck)
   (You found it on level 8 of the Dungeon)
 B - a +6 ring of strength (right hand)
   (You found it on level 6 of the Dungeon)
 F - a ring of protection from fire
   (You found it on level 1 of the Dungeon)
 S - a ring of see invisible (left hand)
   (You found it on level 2 of the Dungeon)
Wands
 d - a wand of iceblast (5)
   (You took it off Erolcha on level 9 of the Dungeon)
 f - a wand of flame (11)
   (You found it on level 6 of the Dungeon)
 u - a wand of paralysis (4)
   (You found it on level 6 of the Dungeon)
 D - a wand of digging (9)
   (You found it on level 6 of the Dungeon)
Scrolls
 j - a scroll of vulnerability {!r}
 l - 5 scrolls of fog
 m - 2 scrolls of immolation {!r}
 t - 3 scrolls of teleportation {@r4}
 x - a scroll of poison {!r}
 E - 2 scrolls of noise {!r}
 J - a scroll of fear
Potions
 e - 4 potions of magic {unknown}
 g - 10 potions of curing {@q1}
 h - 4 potions of heal wounds {@q2}
 n - 2 potions of invisibility {unknown}
 q - 3 potions of flight
 v - 4 potions of lignification {!q}
 z - a potion of degeneration {unknown}
 C - 2 potions of might {unknown}
 G - a potion of attraction {unknown}
 H - 2 potions of haste {unknown}
 I - 2 potions of brilliance {unknown}


   Skills:
 * Level 13.0 Fighting
 * Level 12.1(12.6) Axes
 - Level 6.0(9.9) Polearms
 * Level 11.2 Ranged Weapons
 - Level 5.3 Throwing
 - Level 5.7 Armour
 - Level 2.1 Dodging
 - Level 4.8 Stealth
 + Level 5.7 Evocations


You had 11 spell levels left.
You didn't know any spells.
Your spell library was empty.

Dungeon Overview and Level Annotations

Branches:
Dungeon (10/15)            Temple (0/1) D:7            Lair (0/6) D:10
    Orc (2/2) D:10            Elf (0/3) Orc:2       Ossuary (visited)
 Bailey (visited)

Altars:
Ashenzari
Fedhas
Gozag
Hepliaklqana
Makhleb
Nemelex Xobeh
Okawaru
Qazlal
Sif Muna
Trog
Yredelemnul
Zin
The Shining One

Shops:
D:5 *


Innate Abilities, Weirdness & Mutations

You have a pair of horns on your head.
You reflexively headbutt those who attack you in melee.


Message History

You kill the orc wizard!
Trog accepts your kill.
Trog appreciates your killing of a magic user.
You start waiting.
An orc sorcerer is nearby!
You shoot a sling bullet. The sling bullet hits the orc sorcerer!
You shoot a sling bullet. The sling bullet hits the orc sorcerer!
You shoot a sling bullet.
The sling bullet completely misses the orc sorcerer.
The orc sorcerer casts a spell at you.
You suddenly lose the ability to move!
The orc sorcerer casts a spell.
The orc sorcerer casts a spell at you. The bolt of fire hits you!!
You can move again.
You shoot a sling bullet. The sling bullet hits the sun demon.
The orc sorcerer casts a spell at you.
The bolt of fire hits the sun demon.
The sun demon completely resists.
The bolt of fire hits you! The sun demon hits you!
You are engulfed in flames!
You feel a sense of dread.
a - a +5 vampiric war axe (weapon)
The sun demon hits you but does no damage.
A red film seems to cover your vision as you go berserk!
You feel yourself moving faster!
You feel mighty! The sun demon hits you!
You are engulfed in flames!
* * * LOW HITPOINT WARNING * * *
You feel a strong urge to attack something.
The sun demon closely misses you. The orc sorcerer casts a spell at you.
You suddenly lose the ability to move!
The sun demon hits you!!
* * * LOW HITPOINT WARNING * * *
You are engulfed in flames!
* * * LOW HITPOINT WARNING * * *
The orc sorcerer points at you and mumbles some strange words.
You shrug off the repeated paralysis!
The sun demon hits you!!
* * * LOW HITPOINT WARNING * * *
You are engulfed in flames!
* * * LOW HITPOINT WARNING * * *
The orc sorcerer hits you but does no damage.
The sun demon hits you but does no damage.
The orc sorcerer hits you but does no damage.
The sun demon hits you but does no damage.
You can move again.
You hit the orc sorcerer but do no damage.
Your headbutt misses the orc sorcerer. You hit the sun demon but do no damage.
The orc sorcerer hits you but does no damage.
The sun demon hits you!!
You die...

......## ###
##..#..o[.#..# .#..###
##.## ####8.oo8####
.....## #...# #...o.#
.#....# #...## #.....#
.###.## ##.#.## #)....#
..# ## #.....# ........
.### ##....#####.......
...#### #.....)8.....
....#.## ###.)@.)).....
.......## ##..#.3o)......
........###........).....
........##.).)))...8.)...
#......###))#....#####...
..........).##.#.# ..
...........####### .
......#....##
.......[....##


You could see a sun demon (summoned) and an orc sorcerer.

Vanquished Creatures
  Donald (Orc:1)
  An orc warlord (Orc:2)
  Snorg (Orc:2)
  Erolcha (D:9)
  2 vault guards (Bailey)
  A boulder beetle (D:10)
  A two-headed ogre (D:9)
  An orc high priest (Orc:2)
  Urug (Orc:1)
  4 orc knights
  An oklob plant (Orc:2)
  4 orc sorcerers
  A kobold demonologist (D:10)
  3 trolls
  A hornet (D:7)
  Prince Ribbit (Bailey)
  A shadow (D:8)
  3 humans (Bailey)
  5 yaks (D:8)
  2 wargs
  An acid dragon (D:9)
  2 water moccasins (D:6)
  6 ice beasts
  28 orc warriors
  2 sky beasts (D:7)
  4 black bears
  3 centaurs
  4 ogres
  3 kobold brigands
  16 bullfrogs
  2 scorpions
  2 gnoll sergeants
  3 necrophages
  A wight (D:6)
  5 killer bees (D:9)
  2 howler monkeys
  6 centaur zombies (Ossuary)
  5 hounds
  4 jellies
  21 orc priests
  3 iguanas (D:5)
  29 orc wizards
  6 mummies (Ossuary)
  Robin (D:2)
  15 gnolls
  6 adders
  2 shadow imps (D:6)
  A white imp (D:7)
  A worm (D:4)
  3 dart slugs
  62 orcs
  6 bats
  8 endoplasms
  25 goblins
  13 hobgoblins
  A jackal (D:5)
  2 quokkas
  8 ball pythons
  3 frilled lizards
  2 hobgoblin zombies (Ossuary)
  11 kobolds
  5 rats
369 creatures vanquished.

Vanquished Creatures (others)
  An orc (Orc:1)
1 creature vanquished.

Grand Total: 370 creatures vanquished

Notes
Turn   | Place    | Note
-------+----------+-------------------------------------------
     0 | D:1      | Pooter the Minotaur Berserker began the quest for the Orb.
     0 | D:1      | Reached XP level 1. HP: 19/19 MP: 0/0
   162 | D:1      | Reached skill level 4 in Fighting
   162 | D:1      | Reached XP level 2. HP: 27/27 MP: 1/1
   494 | D:1      | Found a faded altar of an unknown god.
   698 | D:1      | Reached skill level 1 in Throwing
   698 | D:1      | Reached XP level 3. HP: 24/33 MP: 2/2
  1029 | D:2      | Reached skill level 1 in Stealth
  1030 | D:2      | Reached ** piety under Trog
  1270 | D:2      | Reached skill level 1 in Ranged Weapons
  1271 | D:2      | Reached XP level 4. HP: 41/41 MP: 3/3
  1389 | D:2      | Noticed Robin
  1546 | D:2      | Killed Robin
  2234 | D:3      | Reached skill level 1 in Polearms
  2441 | D:3      | Found a stormy altar of Qazlal.
  2471 | D:3      | Reached XP level 5. HP: 47/47 MP: 4/4
  2603 | D:3      | Found a basalt altar of Yredelemnul.
  2935 | D:4      | Noticed a black bear
  2935 | D:4      | Noticed a black bear
  2935 | D:4      | Found a bloodstained altar of Trog.
  2949 | D:3      | Killed a black bear
  2950 | D:3      | Reached skill level 5 in Fighting
  3010 | D:4      | Reached XP level 6. HP: 56/56 MP: 5/5
  3342 | D:4      | Found a glowing golden altar of the Shining One.
  3367 | D:4      | Found an opulent altar of Gozag.
  3523 | D:4      | Found a sparkling altar of Nemelex Xobeh.
  3688 | D:5      | Entered Level 5 of the Dungeon
  3696 | D:5      | Found Zin's Purification Station.
  3708 | D:5      | Found a glowing silver altar of Zin.
  3715 | D:5      | Reached *** piety under Trog
  3716 | D:5      | Reached XP level 7. HP: 62/62 MP: 6/6
  3831 | D:5      | Found a faded altar of an unknown god.
  3831 | D:5      | Found a hazy altar of Hepliaklqana.
  3861 | D:5      | Found a faded altar of an unknown god.
  3863 | D:5      | Found a faded altar of an unknown god.
  3881 | D:5      | Found an iron altar of Okawaru.
  3904 | D:5      | Reached skill level 6 in Fighting
  4077 | D:5      | Found a broken altar of Ashenzari.
  4116 | D:5      | Reached skill level 5 in Axes
  4419 | D:5      | Reached XP level 8. HP: 65/71 MP: 7/7
  4923 | D:6      | Reached skill level 7 in Fighting
  4923 | D:6      | Reached skill level 5 in Polearms
  5020 | D:6      | Reached skill level 5 in Ranged Weapons
  5424 | D:6      | Reached XP level 9. HP: 76/80 MP: 8/8
  5725 | D:6      | Reached skill level 1 in Evocations
  6017 | D:6      | Reached skill level 8 in Fighting
  6146 | D:7      | Found a sand-covered staircase.
  6153 | Ossuary  | Entered an ossuary
  7043 | D:7      | Reached XP level 10. HP: 78/90 MP: 9/9
  7108 | D:7      | Found a staircase to the Ecumenical Temple.
  7446 | D:8      | Reached skill level 9 in Fighting
  7503 | D:8      | Identified the +7 sling "Ceukhleep" {vorpal, Str+2}
  7763 | D:8      | Reached skill level 5 in Armour
  7946 | D:8      | Found a shimmering blue altar of Sif Muna.
  7983 | D:8      | Found a burning altar of Makhleb.
  7993 | D:8      | Reached skill level 5 in Throwing
  8199 | D:9      | Noticed a two-headed ogre
  8209 | D:9      | Killed a two-headed ogre
  8253 | D:9      | Found a blossoming altar of Fedhas.
  8619 | D:9      | Noticed Erolcha
  8626 | D:9      | Killed Erolcha
  8627 | D:9      | Reached skill level 10 in Fighting
  8735 | D:9      | Identified the +0 robe "Kuta" {Harm +Inv Str+2}
  9386 | D:10     | Entered Level 10 of the Dungeon
  9453 | D:10     | Noticed a boulder beetle
  9465 | D:10     | Reached XP level 11. HP: 99/99 MP: 10/10
  9473 | D:10     | Killed a boulder beetle
  9489 | D:10     | Found a flagged portal.
  9494 | Bailey   | Entered a bailey
  9634 | Bailey   | Noticed a vault guard
  9647 | Bailey   | Killed a vault guard
  9721 | Bailey   | Noticed Prince Ribbit
  9721 | Bailey   | Noticed a vault guard
  9732 | Bailey   | Killed Prince Ribbit
  9741 | Bailey   | Killed a vault guard
 10107 | D:10     | Found a staircase to the Orcish Mines.
 10116 | Orc:1    | Entered Level 1 of the Orcish Mines
 10117 | Orc:1    | Noticed an orc sorcerer
 10129 | D:10     | Reached skill level 11 in Fighting
 10140 | D:10     | Reached **** piety under Trog
 10237 | D:10     | Reached skill level 10 in Axes
 10282 | Orc:1    | Killed an orc sorcerer
 10431 | Orc:1    | Noticed Urug
 10443 | Orc:1    | Killed Urug
 10606 | Orc:2    | Entered Level 2 of the Orcish Mines
 10606 | Orc:2    | Found a staircase to the Elven Halls.
 10618 | Orc:2    | Noticed Snorg
 10638 | Orc:2    | Killed Snorg
 10757 | Orc:2    | Noticed an orc knight
 10788 | Orc:1    | Reached skill level 10 in Ranged Weapons
 10942 | Orc:2    | Killed an orc knight
 10948 | Orc:2    | Noticed an orc knight
 10964 | Orc:1    | Killed an orc knight
 11061 | Orc:2    | Noticed Donald
 11109 | Orc:1    | Killed Donald
 11110 | Orc:1    | Reached skill level 12 in Fighting
 11110 | Orc:1    | Reached skill level 5 in Evocations
 11110 | Orc:1    | Reached XP level 12. HP: 104/112 MP: 11/11
 11296 | Orc:2    | Upgraded the game from 0.29-a0-857-g9b1aa3ac5b to
                  | 0.29-a0-870-g2c972031a6
 11352 | Orc:2    | Noticed an orc high priest
 11603 | Orc:2    | Killed an orc high priest
 12923 | Orc:2    | HP: 2/113 [oklob plant/splash of acid (23)]
 14097 | Orc:2    | Noticed an orc warlord
 14114 | Orc:2    | Killed an orc warlord
 14197 | Orc:2    | Reached skill level 13 in Fighting
 14357 | Orc:2    | Paralysed by an orc sorcerer for 4 turns
 14364 | Orc:2    | Paralysed by an orc sorcerer for 3 turns
 14368 | Orc:2    | Slain by a sun demon

Illustrated notes

Levels and vault maps discovered:
D:1:      lemuel_arrival_muddy, layout_basic, shapermc_ecumenical_altar_venn
D:2:      layout_basic, uniq_robin
D:3:      layout_loops_ring, general_overflow_altar, lemuel_round_altar
D:4:      layout_gridville, nemelex_dance_club_becter,
          mainiacjoe_overflow_cross_hatched, trog_ov_bears_minmay,
          nicolae_gozag_cash_rules_everything_around_me, st_stairs_1,
          chequers_serial_rivers_room_a, dreamdust_princess_corridor
D:5:      minmay_chambers_of_threes, layout_loops_cross, zin_purify,
          amcnicky_altar_gilded, nicolae_hepliaklqana_ecumenical_no_more,
          kennysheep_mini_moat
D:6:      layout_gridville, hangedman_decor_opposing, amcnicky_mini_pool_small,
          minmay_fractal_squares_diagonal_5
D:7:      layout_basic, minmay_temple_entry_hall, chequers_ossuary_entry_cave
D:8:      layout_cave_pools, bloody_makhleb, tgw_sif, serial_column_ruins,
          column_ruins_corridor_dead_end, column_ruins_open_small,
          column_ruins_columns_T, column_ruins_corridor_straight,
          column_ruins_columns_straight
D:9:      layout_stronghold, mainiacjoe_overflow_chevrons, uniq_erolcha
D:10:     layout_long_grid, vehumet_crystals, dpeg_oklobed_lair, enter_bailey_3
Orc:1:    layout_caves, basic_altar, uniq_urug
Orc:2:    grunt_orc_cross, layout_caves, mines3_lemuel, uniq_snorg, uniq_donald

Skill      XL: |  1  2  3  4  5  6  7  8  9 10 11 12 |
---------------+-------------------------------------+-----
Fighting       | 4 5 6 7 8 10 12 13 | 13.0
Axes           | 4 5 7 8 11 12 | 12.1
Throwing       | 1 2 3 4 5 |  5.3
Stealth        | 1 2 3 4 |  4.8
Ranged Weapons | 1 2 3 4 5 6 8 10 11 | 11.2
Polearms       | 1 2 3 4 5 6 |  6.0
Armour         | 3 4 5 |  5.7
Evocations     | 2 3 5 |  5.7
Dodging        | |  2.1

Action                   |  1- 3 |  4- 6 |  7- 9 | 10-12 || total
-------------------------+-------+-------+-------+-------++-------
Melee: Hand axe          |    55 |     1 |       |       ||    56
       Headbutt          |     9 |    13 |    33 |    70 ||   125
       Halberd           |       |    78 |    86 |       ||   164
       War axe           |       |     9 |   118 |   361 ||   488
       Punch             |       |       |     3 |     2 ||     5
 Fire: Sling             |       |    40 |    25 |   174 ||   239
       Shortbow          |       |       |    36 |    12 ||    48
Throw: Boomerang         |     6 |     3 |     1 |     7 ||    17
       Javelin           |       |       |       |     5 ||     5
       Dart              |       |       |       |     2 ||     2
Invok: Berserk           |     2 |     3 |    12 |    25 ||    42
       Trog's Hand       |       |     1 |     8 |    35 ||    44
Evoke: Wand              |       |       |       |     5 ||     5
  Use: Scroll            |     2 |     5 |     6 |    13 ||    26
       Potion            |       |       |       |     2 ||     2
 Stab: Paralysed         |       |       |       |     3 ||     3
Armor: Ring mail         |    17 |       |       |       ||    17
       Plate armour      |       |    84 |   157 |   146 ||   387
       Chain mail        |       |       |       |    25 ||    25
Dodge: Dodged            |    33 |    56 |   119 |   197 ||   405
       Repelled          |       |       |     1 |     8 ||     9
Block: Kite shield       |       |       |       |    29 ||    29
       Reflection        |       |       |       |     4 ||     4

Table legend: (Time is in decaauts)
 A = Elapsed time spent in this place.
 B = Non-inter-level travel time spent in this place.
 C = Inter-level travel time spent in this place.
 D = Time resting spent in this place.
 E = Time spent auto-exploring this place.
 F = Levels seen in this place.
 G = Mean time per level.
                   A        B        C        D        E       F      G
               +--------+--------+--------+--------+--------+-----+--------+
         Total |  14901 |  14687 |    214 |   4544 |   6847 |  14 | 1064.4 |
       Dungeon |   9933 |   9730 |    203 |   1481 |   6385 |  10 |  993.3 |
  Orcish Mines |   4254 |   4243 |     11 |   2719 |    388 |   2 | 2127.0 |
       Ossuary |    184 |    184 |      0 |     73 |     18 |   1 |  184.0 |
        Bailey |    528 |    528 |      0 |    269 |     56 |   1 |  528.0 |
               +--------+--------+--------+--------+--------+-----+--------+

Top non-repeatable levels by time:
   Orc:2: 2917 daAuts
   Orc:1: 1337 daAuts
     D:5: 1250 daAuts
     D:9: 1211 daAuts
     D:7: 1201 daAuts
     D:6: 1196 daAuts
     D:2: 1195 daAuts
     D:1: 1081 daAuts
     D:8: 862 daAuts
     D:3: 835 daAuts
     D:4: 696 daAuts
  Bailey: 528 daAuts
    D:10: 401 daAuts
 Ossuary: 184 daAuts
